 Dungeon Crawl Stone Soup version 0.22-a0-618-gd6a3efe (webtiles) character file.

502 Amnesiac the Digger (level 6, -3/41 HPs)
             Began as a Mummy Earth Elementalist on July 13, 2018.
             Slain by a worker ant (8 damage)
             ... on level 5 of the Dungeon.
             The game lasted 00:03:42 (2199 turns).

Amnesiac the Digger (Mummy Earth Elementalist)      Turns: 2199, Time: 00:03:43

Health: -3/41      AC:  2    Str: 11    XL:     6   Next: 95%
Magic:  14/14      EV: 12    Int: 16    God:
Gold:   37         SH:  0    Dex: 13    Spells: 8/15 levels left

rFire    x . .     SeeInvis .   h - +0 whip (venom)
rCold    + . .     Gourm    .   (no shield)
rNeg     + + +     Faith    .   c - +0 robe
rPois    ∞         Spirit   .   (no helmet)
rElec    .         Reflect  .   (no cloak)
rCorr    .         Harm     .   (no gloves)
MR       .....                  (no boots)
Stlth    ++........             (no amulet)
HPRegen  0.13/turn              (no ring)
MPRegen  0.14/turn              (no ring)

@: no status effects
A: no food or potions, fire vulnerability, cold resistance 1, negative energy
resistance 3, torment resistance, unbreathing
a: no special abilities


You were on level 5 of the Dungeon.
You were not hungry.

You visited 1 branch of the dungeon, and saw 5 of its levels.

You collected 37 gold pieces.

Inventory:

Hand Weapons
 a - a +0 dagger
 h - a +0 whip of venom (weapon)
Missiles
 b - 55 stones (quivered)
Armour
 c - a +0 robe (worn)
 k - a cursed +0 robe
Wands
 j - a wand of acid (9)
Scrolls
 d - a scroll of enchant armour {!r, unknown}
 e - a scroll of noise {!r, unknown}
 f - 2 scrolls of magic mapping {!r, unknown}
 g - a scroll of identify {!r, unknown}
 i - a scroll of fog {!r, unknown}


   Skills:
 - Level 1.5 Dodging
 - Level 1.5 Stealth
 + Level 5.4 Spellcasting
 + Level 1.7 Transmutations
 * Level 5.4 Earth Magic


You had 8 spell levels left.
You knew the following spells:

 Your Spells              Type           Power        Failure   Level  Hunger
a - Sandblast             Erth           ###...       1%          1    N/A
b - Passwall              Tmut/Erth      ###.....     4%          2    N/A
e - Petrify               Tmut/Erth      ###.....     32%         4    N/A

Your spell library contained the following spells:

 Spells                   Type           Power        Failure   Level  Hunger
 Stone Arrow              Conj/Erth      ##....       14%         3    N/A
 Lee's Rapid Deconstruct  Erth           ###.......   41%         5    N/A

Dungeon Overview and Level Annotations

Branches:
Dungeon (5/15)
 Temple: D:4-7

Altars:
Trog


Innate Abilities, Weirdness & Mutations

You do not eat or drink.
Your flesh is vulnerable to fire.
You are immune to poison.
Your flesh is cold resistant. (rC+)
You are immune to negative energy. (rN+++)
You are immune to unholy pain and torment.
You can survive without breathing.


Message History

The gnoll is heavily wounded.
The gnoll misses you.
You hit the gnoll.
The gnoll is severely wounded.
The gnoll barely misses you.
You hit the gnoll.
You kill the gnoll!
You start resting.
A gnoll comes into view. It is wielding a halberd.
You hit the gnoll.
The gnoll is poisoned.
The gnoll is lightly wounded.
The gnoll barely misses you.
You hit the gnoll but do no damage.
The gnoll looks as sick as possible!
The gnoll is heavily wounded.
The gnoll hits you with a halberd!
* * * LOW HITPOINT WARNING * * *
You hit the gnoll.
The gnoll looks as sick as possible!
The gnoll is almost dead.
You kill the gnoll!
You start resting.
A howler monkey comes into view.
You catch the helpless howler monkey completely off-guard!
You hit the howler monkey.
The howler monkey is poisoned.
The howler monkey is lightly wounded.
The howler monkey hoots and howls with incredible vigour!
You hear a shout! x4
You barely miss the howler monkey.
The howler monkey is lightly wounded.
The howler monkey hits you.
* * * LOW HITPOINT WARNING * * *
You closely miss the howler monkey.
The howler monkey is lightly wounded.
The howler monkey hits you.
* * * LOW HITPOINT WARNING * * *
The howler monkey hits you!
* * * LOW HITPOINT WARNING * * *
You barely miss the howler monkey.
The howler monkey is lightly wounded.
The howler monkey hoots and howls with incredible vigour!
You hit the howler monkey.
The howler monkey is moderately wounded.
The howler monkey barely misses you.
Casting: Sandblast (safe; 1% risk of failure)
Confirm with . or Enter, or press ? or * to list all spells.
Aiming: Sandblast (safe; 1% risk of failure)
Press: ? - help, Shift-Dir - straight line, f - howler monkey
Aim: a howler monkey (moderately wounded, poisoned, catching its breath)
The blast of sand hits the howler monkey.
You kill the howler monkey!
b - 55 stones Unknown command.
You start resting.
A giant cockroach comes into view.
A giant cockroach is nearby!
A worker ant comes into view.
The worker ant twitches its antennae in your direction.
You hit the worker ant but do no damage.
The worker ant closely misses you.
You barely miss the worker ant. The worker ant closely misses you.
You closely miss the worker ant. The worker ant bites you.
* * * LOW HITPOINT WARNING * * *
You hit the worker ant but do no damage.
The worker ant is poisoned.
The worker ant bites you!
You die...

#.# #g# .. ... #.#
#.# ## .## #.. # #.#
# #.# #.#.### ... #.#
#.....# ...
#.########.#.### o...
#..s.....s###.. ...
#.########.#a##.#
...#.#########@# ..
#.#..................
#........###..#####.#
.###.#.##.........
......<# .#.###.##
#...#### # # #. ##.#
## #. #


You could see a worker ant and a giant cockroach.

Vanquished Creatures
  Eustachio (D:3)
  Sigmund (D:4)
  A howler monkey (D:5)
  A hound (D:5)
  A gnoll shaman (D:5)
  A bullfrog skeleton (D:4)
  A worker ant (D:4)
  2 gnolls (D:5)
  An ooze (D:5)
  An adder skeleton (D:4)
  6 orcs
  2 bats
  A giant cockroach (D:3)
  2 jackals (D:4)
  4 quokkas
  A jackal skeleton (D:4)
27 creatures vanquished.

Notes
Turn   | Place    | Note
-------+----------+-------------------------------------------
     0 | D:1      | Amnesiac the Mummy Earth Elementalist began the quest for the Orb.
     0 | D:1      | Reached XP level 1. HP: 13/13 MP: 4/4
   485 | D:4      | Reached XP level 2. HP: 13/19 MP: 0/5
   489 | D:4      | Learned a level 2 spell: Passwall
   551 | D:4      | Reached skill level 1 in Transmutations
   551 | D:4      | Reached XP level 3. HP: 5/24 MP: 0/7
   972 | D:4      | Noticed Eustachio
  1219 | D:3      | Killed Eustachio
  1219 | D:3      | Reached XP level 4. HP: 7/30 MP: 6/10
  1219 | D:3      | Reached XP level 5. HP: 8/35 MP: 6/11
  1485 | D:4      | Noticed Sigmund
  1497 | D:4      | Killed Sigmund
  1497 | D:4      | Reached skill level 5 in Spellcasting
  1497 | D:4      | Reached skill level 5 in Earth Magic
  1497 | D:4      | Reached XP level 6. HP: 13/41 MP: 4/13
  1503 | D:4      | Learned a level 4 spell: Petrify
  1910 | D:5      | Entered Level 5 of the Dungeon
  2070 | D:5      | Found a bloodstained altar of Trog.
  2199 | D:5      | Slain by a worker ant

Vault maps used:
D:1:      moated_graveyard_arrival, minmay_misc_feat_iff, hex_tiny,
          hangedman_decor_opposing, minmay_hedge_maze
D:2:      lemuel_round_altar, first_ration, serial_bayou_pond_b
D:3:      led_xom_imps, chequers_ecumenical_altar_simple_redux,
          corexii_leaking_fountain
D:4:      lemuel_castle_with_subvaults, uniq_eustachio, uniq_sigmund
D:5:      gammafunk_temple_overflow_statue, minmay_temple_entry_statues_pillars,
          bloody_trog

Skill      XL: |  1  2  3  4  5 |
---------------+----------------+-----
Spellcasting   | 3 4 5 |  5.4
Transmutations | 1 |  1.7
Earth Magic    | 3 4 5 |  5.4
Dodging        | |  1.5
Stealth        | |  1.5

Action                   |  1- 3 |  4- 6 || total
-------------------------+-------+-------++-------
Melee: Dagger            |    36 |       ||    36
       Whip              |    19 |    53 ||    72
 Cast: Sandblast         |    20 |     9 ||    29
 Stab: Sleeping          |       |     2 ||     2
       Distracted        |       |     1 ||     1
Armor: Robe              |    23 |     5 ||    28
Dodge: Dodged            |    62 |    33 ||    95

Table legend:
 A = Spawn XP
 B = Non-spawn XP
 C = Spawn XP percentage of total XP
 D = Spawn monster count
 E = Non-spawn monster count
 F = Spawn count percentage of total count
 G = Total turns spent on level
                    A         B        C        D         E        F      G
               +---------+---------+-------+---------+---------+-------+---------
         Total |       0 |     718 |   0.0 |       0 |      27 |   0.0 |  2199
               +---------+---------+-------+---------+---------+-------+---------
           D:1 |       0 |       2 |   0.0 |       0 |       1 |   0.0 |   251
           D:3 |       0 |     226 |   0.0 |       0 |       5 |   0.0 |   564
           D:4 |       0 |     308 |   0.0 |       0 |      13 |   0.0 |  1132
           D:5 |       0 |     182 |   0.0 |       0 |       8 |   0.0 |   182
               +---------+---------+-------+---------+---------+-------+---------
